 Dungeon Crawl Stone Soup version 0.31-a0-233-g139696dc86 (webtiles) character file.

Game seed: 5945135808456068406

127 qw the Shooter (level 5, 0/30 HPs)
             Began as a Gargoyle Hexslinger on July 7, 2023.
             Slain by Pargi (3 damage)
             ... in a sewer.
             The game lasted 00:00:46 (2521 turns).

qw the Shooter (Gargoyle Hexslinger)                Turns: 2521, Time: 00:00:46

Health: 0/30       AC:  7    Str: 11    XL:     5   Next: 11%
Magic:  6/6        EV: 11    Int: 14    God:
Gold:   80         SH:  0    Dex: 14    Spells: 5/6 levels left

rFire   . . .        Y - +1 sling
rCold   . . .        (no shield)
rNeg    + . .        d - +0 leather armour
rPois   inf          (no helmet)
rElec   +            (no cloak)
rCorr   .            (no gloves)
SInv    .            (no boots)
Will    .....        (no amulet)
Stlth   +            (no ring)
HPRegen 0.25/turn    (no ring)
MPRegen 0.10/turn

%: no passive effects
@: no status effects
A: sickness immunity, AC +4, negative energy resistance 1, electricity
resistance, torment resistance 1, petrification resistance
a: no special abilities


You were in a sewer.
You visited 1 branch of the dungeon, and saw 3 of its levels.
You also visited: Sewer.

You collected 80 gold pieces.


Innate Abilities, Weirdness & Mutations

You are immune to sickness and miasma.
Your stone body is resilient. (AC +4)
You are immune to poison.
You resist negative energy. (rN+)
You are resistant to electric shocks. (rElec)
You are resistant to unholy torment.
You are immune to petrification.


   Skills:
 - Level 2.0 Fighting
 + Level 4.8 Ranged Weapons
 - Level 1.5 Dodging
 - Level 1.0 Spellcasting
 - Level 2.6 Hexes


You had 5 spell levels left.
You knew the following spells:

 Your Spells              Type           Power      Damage    Failure   Level
a - Slow                  Hex            32%        N/A       12%         1

Your spell library contained the following spells:

 Spells                   Type           Power      Damage    Failure   Level
 Inner Flame              Hex/Fire       4%         N/A       52%         3
 Portal Projectile        Hex/Tloc       8%         N/A       52%         3
 Cause Fear               Hex            4%         N/A       75%         4

Inventory:

Hand Weapons
 Y - a +1 sling (weapon)
Armour
 d - a +0 leather armour (worn)
Scrolls
 b - a scroll of identify
Potions
 e - a potion of curing {unknown}
 f - a potion of degeneration {unknown}
 g - a potion of haste {unknown}
 h - a potion of might {unknown}

Dungeon Overview and Level Annotations

Branches:
Dungeon (3/15)              Sewer (1/1)

Altars:

Annotations:
D:2 1 runed translucent door, Crazy Yiuf Sewer Pargi


Message History

Pargi closely misses you. Pargi claws you. Pargi closely misses you.
You shoot a sling bullet. The sling bullet closely misses Pargi.
Pargi bites you but does no damage. Pargi claws you. x2
You shoot a sling bullet. The sling bullet hits Pargi!
Pargi is heavily wounded.
Pargi bites you.
Pargi claws you but does no damage. x2; Pargi bites you.
Pargi barely misses you. Pargi closely misses you.
You shoot a sling bullet. The sling bullet closely misses Pargi.
Pargi snarls, "Go!
Away!"
Pargi closely misses you. Pargi claws you but does no damage. Pargi claws you.
You shoot a sling bullet. The sling bullet closely misses Pargi.
Pargi bites you. Pargi claws you but does no damage. x2
You shoot a sling bullet. The sling bullet hits Pargi.
Pargi is heavily wounded.
Pargi barely misses you. x2; Pargi claws you but does no damage.
You shoot a sling bullet. The sling bullet hits Pargi.
Pargi is heavily wounded.
Pargi snarls, "Go!
Away!"
Pargi bites you. Pargi claws you. x2
You shoot a sling bullet. The sling bullet hits Pargi.
Pargi is heavily wounded.
Pargi bites you but does no damage. Pargi claws you but does no damage.
Pargi closely misses you. Pargi bites you. Pargi barely misses you.
Pargi claws you but does no damage.
You shoot a sling bullet.
The sling bullet completely misses Pargi.
Pargi barely misses you. Pargi claws you but does no damage. x2
You shoot a sling bullet. The sling bullet hits Pargi.
Pargi is heavily wounded.
Pargi closely misses you. x2; Pargi claws you.
You shoot a sling bullet. The sling bullet hits Pargi!
Pargi is severely wounded.
Pargi misses you. Pargi barely misses you. Pargi closely misses you.
You shoot a sling bullet. The sling bullet barely misses Pargi.
Pargi barely misses you. Pargi closely misses you. Pargi barely misses you.
You shoot a sling bullet. The sling bullet barely misses Pargi.
Pargi bites you but does no damage. Pargi barely misses you.
Pargi claws you but does no damage. Pargi bites you but does no damage.
Pargi claws you but does no damage. Pargi claws you.
You die...

..... ... ... ...
####### #.#
##.....## #!#
#...~...## #T#
...~~~...#######@#
\.~~~~~..........#
...~~~...#######.#
#...~...## #.#
##....%## #.#
####### #.# #.#
#.# #\#


You could see Pargi.

Vanquished Creatures
  A scorpion (D:2)
  2 adders (D:2)
  A worm (D:2)
  A dart slug (D:1)
  2 endoplasms
  2 giant cockroaches
  3 goblins (D:1)
  8 hobgoblins
  7 jackals
  2 kobolds (D:1)
  2 quokkas
  3 ball pythons (D:2)
  4 bats
  3 frilled lizards
  4 rats
45 creatures vanquished.

Notes
Turn   | Place    | Note
-------+----------+-------------------------------------------
     0 | D:1      | qw the Gargoyle Hexslinger began the quest for the Orb.
     0 | D:1      | Reached XP level 1. HP: 12/12 MP: 2/2
     0 | D:1      | 0 ||| qw: Version: 0.3-a-46-gb1f654a
     0 | D:1      | 0 ||| qw: Game counter: 3186
     0 | D:1      | 0 ||| qw: Melee chars always use a shield: true
     0 | D:1      | 0 ||| qw: God list: Okawaru
     0 | D:1      | 0 ||| qw: Allow faded altars: false
     0 | D:1      | 0 ||| qw: Do Orc after clearing Dungeon:15 true
     0 | D:1      | 0 ||| qw: Do second Lair branch before Depths: true
     0 | D:1      | 0 ||| qw: Lair rune preference: random
     0 | D:1      | 0 ||| qw: Goals: Normal
     0 | D:1      | 0 ||| PLANNING D:1-11
    32 | D:1      | HP: 3/12 [hobgoblin (3)]
    38 | D:1      | HP: 1/12 [jackal (2)]
   159 | D:1      | Reached XP level 2. HP: 13/16 MP: 3/3
   502 | D:1      | Reached skill level 3 in Ranged Weapons
   642 | D:1      | 642 ||| DROPPING scarf of invisibility.
   643 | D:1      | 643 ||| READING scroll labelled TOESHAHUCI.
   894 | D:1      | Reached XP level 3. HP: 19/21 MP: 4/4
   941 | D:1      | 941 ||| READING scroll labelled UPREREOCO.
  1127 | D:1      | 1127 ||| READING 2 scrolls labelled AKHOAD LUVOCH.
  1128 | D:1      | 1128 ||| READING scroll labelled YRUGUC SILOS.
  1129 | D:1      | 1129 ||| READING scroll labelled WAXUSK AGITU.
  1130 | D:1      | 1130 ||| DROPPING scroll of poison.
  1131 | D:1      | 1131 ||| DROPPING scroll of vulnerability.
  1158 | D:2      | Noticed a scorpion
  1171 | D:2      | Killed a scorpion
  1172 | D:2      | Reached skill level 4 in Ranged Weapons
  1172 | D:2      | Reached XP level 4. HP: 11/26 MP: 5/5
  1438 | D:2      | Found Bemos's Distillery.
  1634 | D:2      | Reached XP level 5. HP: 29/30 MP: 6/6
  1770 | D:2      | Found a runed translucent door.
  1771 | D:2      | Noticed Crazy Yiuf
  2146 | D:2      | 2146 ||| UPGRADING to +0 leather armour.
  2156 | D:2      | 2156 ||| DROPPING +0 robe.
  2157 | D:2      | 2157 ||| READING scroll labelled HAYSTA WOQEZ.
  2158 | D:2      | 2158 ||| READING scroll labelled KIMPAILOITT.
  2233 | D:3      | 2233 ||| PLANNING SEWER
  2246 | D:3      | 2246 ||| STAIRDANCE
  2466 | D:3      | Found a glowing drain.
  2471 | D:3      | 2471 ||| Stepping ~*~*~tactically~*~*~ (water).
  2479 | Sewer    | Entered a sewer
  2500 | Sewer    | Noticed Pargi
  2516 | Sewer    | HP: 3/30 [Pargi (6)]
  2521 | Sewer    | Slain by Pargi

Levels and vault maps discovered:
D:1:      beargit_arrival_greenhouse, layout_basic, hangedman_glass_teeth
D:2:      layout_loops_corners, serial_shops, nicolae_diamond_shop,
          uniq_crazy_yiuf_cottage
D:3:      minmay_roachtagon, layout_loops_corners, mainiacjoe_overflow_alcove_1,
          serial_glass, glass_columns_a, glass_columns_b, item_on_display_a,
          cheibrodos_sewer_entry_drain, minmay_increasing_density, uniq_natasha,
          uniq_terence
Sewer:    sewer_big_baddie

Skill      XL: |  1  2  3 |
---------------+----------+-----
Ranged Weapons | 3 4 |  4.8
Fighting       | 2 |  2.0
Dodging        | |  1.5
Spellcasting   | |  1.0
Hexes          | |  2.6

Action                     |  1- 3 |  4- 6 || total
---------------------------+-------+-------++-------
   Fire: Sling             |   103 |    86 ||   189
    Use: Scroll            |     5 |     2 ||     7
 Armour: Robe              |    24 |    11 ||    35
         Leather armour    |       |    25 ||    25
  Dodge: Dodged            |    54 |    42 ||    96

Table legend:
 A = Non-vault XP
 B = Vault XP
 C = Vault XP percentage of total XP
 D = Non-vault monster count
 E = Vault monster count
 F = Vault count percentage of total count
                 A         B        C        D         E       F
            +---------+---------+-------+---------+---------+-------
      Total |     169 |      13 |   7.1 |      39 |       6 |  13.3
            +---------+---------+-------+---------+---------+-------
        D:1 |      42 |       0 |   0.0 |      23 |       0 |   0.0
        D:2 |     127 |       7 |   5.2 |      16 |       2 |  11.1
        D:3 |       0 |       2 | 100.0 |       0 |       1 | 100.0
      Sewer |       0 |       4 | 100.0 |       0 |       3 | 100.0
            +---------+---------+-------+---------+---------+-------
